 Dungeon Crawl Stone Soup version 0.27.1-16-g815e20cd7a (webtiles) character file.

Game seed: 15784120972293378533

1691 spaced the Magician (level 9, -13/58 HPs)
             Began as a Djinni Fire Elementalist on Nov 22, 2021.
             Was an Initiate of Makhleb.
             Killed from afar by a gargoyle (17 damage)
             ... with a stone arrow
             ... on level 6 of the Dungeon.
             The game lasted 00:45:27 (9117 turns).

spaced the Magician (Djinni Fire Elementalist)      Turns: 9117, Time: 00:45:28

Health: -13/58     AC:  9    Str:  7    XL:     9   Next: 22%
Gold:   308        EV: 13    Int: 20    God:    Makhleb [......] SH:  0 Dex: 14

rFire    + + .     SeeInvis .   y - +3 quarterstaff (chaos)
rCold    x . .     Faith    .   (shield currently unavailable)
rNeg     + . .     Spirit   .   a - +0 robe
rPois    ∞         Reflect  .   e - +0 helmet
rElec    .         Harm     .   z - +1 cloak
rCorr    .         Rampage  .   (no gloves)
Will     .....                  (boots unavailable)
Stlth    ++........             (no amulet)
HPRegen  0.19/turn              E - ring of positive energy
MPRegen  0.00/turn              p - +4 ring of protection

@: about to teleport, flying
A: sickness immunity, fire resistance 2, cold vulnerability 1, float, innate
caster, hp casting, extra vitality 1
a: Renounce Religion


You were on level 6 of the Dungeon.
You worshipped Makhleb.
Makhleb was noncommittal.
You visited 1 branch of the dungeon, and saw 7 of its levels.

You collected 308 gold pieces.

Inventory:

Hand Weapons
 b - a +0 short sword
 w - a +0 rapier
 y - a +3 quarterstaff of chaos (weapon)
Missiles
 c - 6 curare-tipped darts
 C - 28 poisoned darts
Armour
 a - a +0 robe (worn)
 e - a +0 helmet (worn)
 j - a +0 leather armour
 z - a +1 cloak (worn)
 B - the +3 ring mail of Geomur {Str+3}
   (You found it on level 6 of the Dungeon)

   Str:       It affects your strength (+3).
Jewellery
 l - a ring of poison resistance
 p - a +4 ring of protection (right hand)
 t - an amulet of faith
 E - a ring of positive energy (left hand)
 H - a ring of magical power
Wands
 k - a wand of charming (19)
 F - a wand of polymorph (10)
Scrolls
 f - a scroll of torment {unknown}
 h - a scroll of magic mapping {unknown}
 i - 3 scrolls of teleportation
 m - 2 scrolls of enchant armour {unknown}
 n - a scroll of amnesia {unknown}
 o - 3 scrolls of immolation {unknown}
 s - 3 scrolls of fog
 u - 3 scrolls of fear {unknown}
 v - a scroll of blinking {unknown}
 x - 2 scrolls of silence {unknown}
 A - a scroll of enchant weapon {unknown}
 G - a scroll of noise {unknown}
Potions
 d - a potion of degeneration {unknown}
 g - a potion of might {unknown}
 q - a potion of resistance {unknown}
 r - a potion of ambrosia {unknown}
 D - a potion of berserk rage {unknown}


   Skills:
 + Level 1.6 Fighting
 + Level 1.6 Short Blades
 + Level 0.5 Staves
 + Level 4.2 Dodging
 + Level 3.8 Stealth
 + Level 0.3 Unarmed Combat
 + Level 7.6 Spellcasting


You couldn't memorise any spells.
You knew the following spells:

 Your Spells              Type           Power      Damage    Failure   Level
a - Foxfire               Conj/Fire      100%       2x1d9     1%          1
b - Conjure Flame         Conj/Fire      38%        6-21      1%          3
c - Inner Flame           Hex/Fire       38%        N/A       1%          3
d - Sticky Flame          Conj/Fire      38%        2d6       3%          4
e - Fireball              Conj/Fire      19%        3d9       11%         5
f - Pain                  Necr           100%       1d9       1%          1
g - Corpse Rot            Necr/Air       N/A        N/A       1%          2
h - Mephitic Cloud        Conj/Pois/Air  38%        N/A       1%          3
i - Summon Guardian Gole  Hex/Summ       38%        N/A       1%          3
Your spell library was empty.

Dungeon Overview and Level Annotations

Branches:
Dungeon (7/15)             Temple (0/1) D:6

Altars:
Gozag
Makhleb
Uskayaw

Shops:
D:7 (

Annotations:
D:6 Eustachio


Innate Abilities, Weirdness & Mutations

You are immune to sickness and miasma.
You are immune to poison.
Your flesh is very heat resistant. (rF++)
You are vulnerable to cold. (rC-)
You float through the air rather than walking.
You learn spells naturally, not from books.
Your magical power is your life essence.
You have superior vitality. (+4 HP)


Message History

Casting: Foxfire (safe; 1% risk of failure)
Confirm with . or Enter, or press ? or * to list all spells.
You conjure some foxfire!
The foxfire hits the gargoyle but does no damage.
The gargoyle is moderately damaged.
The foxfire hits the gargoyle but does no damage.
The gargoyle is moderately damaged.
The foxfire hits the gargoyle but does no damage.
The gargoyle is moderately damaged.
Casting: Foxfire (safe; 1% risk of failure)
Confirm with . or Enter, or press ? or * to list all spells.
You conjure some foxfire!
The foxfire hits the gargoyle but does no damage.
The gargoyle is moderately damaged.
The gargoyle hurls a stone arrow at you.
The stone arrow hits you!
Casting: Foxfire (safe; 1% risk of failure)
Confirm with . or Enter, or press ? or * to list all spells.
You conjure some foxfire!
The foxfire hits the gargoyle.
The gargoyle is moderately damaged.
The foxfire hits the gargoyle but does no damage.
The gargoyle is moderately damaged.
The foxfire hits the gargoyle.
The gargoyle is heavily damaged.
The foxfire hits the gargoyle but does no damage.
The gargoyle is heavily damaged.
The gargoyle hurls a stone arrow at you.
The stone arrow hits you!
* * * LOW HITPOINT WARNING * * *
You reach down and open the door.
There is an open door here.
The gargoyle hurls a stone arrow at you.
The stone arrow hits you!
* * * LOW HITPOINT WARNING * * *
As you read the scroll of teleportation, it crumbles to dust.
You feel strangely unstable.
The gargoyle hurls a stone arrow at you.
The stone arrow hits you!
You die...

#.######.##..#######.#.#.#...###
#......#.##..#.....#.#.#.######
######.#.....#....<#.#.#......#
........###.######[#........#.#
######..# #.....)..#.#.####.#.#
<.......###)########.#.# #.#.#
####.#......(.....####.# #.#.#
#..............# .# #.#.#
##.#..........@.# #.####.#.#
##..#............####........#
##.#.#..###........9..#####.###
.....#..# #..########.#.....#
.##..#..###..# #.#.#####
###..#..#....########9#.#####
.....#..#.#.###.............#
.....#..#.#.# #.............#
......:.#.#.# #.............#


You could see a gargoyle.

Vanquished Creatures
  Grinder (D:4)
  Duvessa (D:6)
  A water moccasin (D:7)
  2 centaurs
  An ogre (D:5)
  A phantom (D:5)
  A kobold brigand (D:6)
  A gnoll sergeant (D:6)
  Dowan (D:6)
  3 scorpions
  A water moccasin skeleton (D:5)
  Crazy Yiuf (D:4)
  2 orc priests
  A gnoll shaman (D:6)
  2 hounds (D:4)
  2 iguanas
  2 orc wizards
  7 gnolls (D:6)
  6 adders
  A shadow imp (D:7)
  A white imp (D:5)
  4 ufetubi
  6 worms
  3 dart slugs
  12 orcs
  12 ball pythons
  11 endoplasms
  6 giant cockroaches
  7 hobgoblins
  8 jackals
  11 kobolds
  5 quokkas
  6 bats
  5 frilled lizards
  4 goblins
  7 rats
146 creatures vanquished.

Vanquished Creatures (others)
  526 foxfires
526 creatures vanquished.

Grand Total: 672 creatures vanquished

Notes
Turn   | Place    | Note
-------+----------+-------------------------------------------
     0 | D:1      | spaced the Djinni Fire Elementalist began the quest for the
                  | Orb.
     0 | D:1      | Reached XP level 1. HP: 15/15 MP: 0/0
   434 | D:1      | Reached XP level 2. HP: 17/21 MP: 0/0
   564 | D:1      | Found a faded altar of an unknown god.
  1387 | D:2      | Reached XP level 3. HP: 23/25 MP: 0/0
  1387 | D:2      | Learned a level 1 spell: Pain
  1396 | D:2      | Reached skill level 3 in Spellcasting
  1907 | D:2      | Reached XP level 4. HP: 23/31 MP: 0/0
  2209 | D:2      | Noticed a scorpion
  2213 | D:2      | Killed a scorpion
  2214 | D:2      | Reached XP level 5. HP: 28/35 MP: 0/0
  2214 | D:2      | Learned a level 2 spell: Corpse Rot
  2859 | D:3      | Reached skill level 4 in Spellcasting
  3381 | D:3      | Found an opulent altar of Gozag.
  4000 | D:3      | Reached XP level 6. HP: 38/40 MP: 0/0
  4392 | D:4      | Found a runed translucent door.
  4393 | D:4      | Noticed Crazy Yiuf
  4407 | D:4      | Killed Crazy Yiuf
  4585 | D:4      | You are sucked into a shaft and drop 3 floors!
  4630 | D:7      | Found Qefel's Antique Weapon Boutique.
  4647 | D:7      | Noticed a water moccasin
  4667 | D:7      | Killed a water moccasin
  4877 | D:7      | Noticed a steam dragon
  4929 | D:6      | Identified the +3 ring mail of Geomur {Str+3}
  5008 | D:6      | Reached XP level 7. HP: 43/46 MP: 0/0
  5008 | D:6      | Learned a level 3 spell: Mephitic Cloud
  5102 | D:6      | Reached skill level 1 in Short Blades
  5163 | D:5      | Entered Level 5 of the Dungeon
  5382 | D:4      | Found a burning altar of Makhleb.
  5403 | D:4      | Became a worshipper of Makhleb the Destroyer
  5505 | D:4      | Reached skill level 5 in Spellcasting
  5548 | D:4      | Noticed Grinder
  5556 | D:4      | Killed Grinder
  5763 | D:4      | Found a hide-covered altar of Uskayaw.
  5777 | D:4      | Reached XP level 8. HP: 49/51 MP: 0/0
  6132 | D:5      | Reached skill level 6 in Spellcasting
  6399 | D:5      | Reached skill level 1 in Fighting
  7803 | D:6      | Reached skill level 7 in Spellcasting
  8068 | D:6      | Reached XP level 9. HP: 40/57 MP: 0/0
  8068 | D:6      | Learned a level 3 spell: Summon Guardian Golem
  8225 | D:6      | Noticed Eustachio
  8229 | D:6      | Found a staircase to the Ecumenical Temple.
  8588 | D:6      | Noticed Duvessa
  8591 | D:6      | Noticed Dowan
  8595 | D:6      | Killed Duvessa
  8600 | D:6      | Killed Dowan
  9061 | D:6      | Noticed a gargoyle
  9107 | D:6      | HP: 2/58 [gargoyle/stone arrow (14)]
  9117 | D:6      | Killed from afar by a gargoyle

Illustrated notes

Levels and vault maps discovered:
D:1:      eino_arrival_cavern_e, layout_basic, ebering_ecumenical_altar_hall
D:2:      layout_basic, minmay_hexomino_c4
D:3:      minmay_recursive_quarters, layout_loops_ring,
          mainiacjoe_overflow_alcove_2, minivault_14, kennysheep_generic_room_11
D:4:      layout_gridville, mainiacjoe_overflow_tiny_flanked,
          lemuel_crystal_altar, uniq_grinder, uniq_crazy_yiuf_cottage
D:5:      layout_rooms, serial_co_window_serial, co_window_corner_a,
          co_window_paths_b, co_window_corner_a, co_window_paths_a,
          co_window_of_opportunity_a, co_window_paths_c, co_window_2corner,
          co_window_2corner, co_window_corner_b, co_window_cross_2,
          co_window_broadway_a, co_window_4corner_b, co_window_paths_d,
          glass_columns_c, glass_columns_c, glass_columns_c, glass_columns_b,
          grunt_ministairs_8
D:6:      layout_basic, minmay_temple_entry_waves, portal_sewer_entry_d,
          uniq_duvessa, uniq_eustachio
D:7:      layout_basic, nemelex_xobeh_ov_fountains_minmay, serial_shops, shop

Skill      XL: |  1  2  3  4  5  6  7  8  9 |
---------------+----------------------------+-----
Spellcasting   | 3 4 5 7 |  7.6
Stealth        | 2 3 |  3.8
Dodging        | 3 4 |  4.2
Short Blades   | 1 |  1.6
Fighting       | 1 |  1.6
Staves         | |  0.5
Unarmed Combat | |  0.3

Action                   |  1- 3 |  4- 6 |  7- 9 || total
-------------------------+-------+-------+-------++-------
Melee: Unarmed           |     1 |       |       ||     1
       Short sword       |     8 |     4 |       ||    12
       Rapier            |       |    12 |       ||    12
       Quarterstaff      |       |     1 |     5 ||     6
 Cast: Foxfire           |    56 |   116 |   156 ||   328
       Pain              |       |     5 |    11 ||    16
       Corpse Rot        |       |     1 |     4 ||     5
       Sticky Flame      |       |     1 |    12 ||    13
       Conjure Flame     |       |       |     1 ||     1
       Summon Guardian G |       |       |     1 ||     1
Evoke: Wand              |       |       |     1 ||     1
  Use: Scroll            |     1 |     1 |     3 ||     5
       Potion            |       |       |     6 ||     6
 Stab: Sleeping          |     1 |       |       ||     1
Armor: Robe              |       |    17 |    14 ||    31
Dodge: Dodged            |     4 |    35 |    33 ||    72
